 Dungeon Crawl Stone Soup version 0.31.0 (webtiles) character file.

Game seed: 3714347675014750879

45 ChrisAssaf the Changeling (level 3, -9/26 HPs)
             Began as a Human Shapeshifter on Jan 20, 2024.
             Mangled by an ogre
             ... wielding a +0 giant club
              (33 damage)
             ... on level 3 of the Dungeon.
             The game lasted 00:05:41 (1184 turns).

ChrisAssaf the Changeling (Human Shapeshifter)      Turns: 1184, Time: 00:05:42

Health: -9/26      AC:  2    Str: 14    XL:     3   Next: 64%
Magic:  3/3        EV: 12    Int: 12    God:
Gold:   104        SH:  0    Dex: 12    Spells: 2/2 levels left

rFire   . .          .
                       - Unarmed
rCold   . . .        (no shield)
rNeg    . . .        a - +0 animal skin
rPois   .            (helmet currently unavailable)
rElec   .            g - melded +2 cloak
rCorr   .            (gloves currently unavailable)
SInv    .            (boots currently unavailable)
Will    .....        (no amulet)
Stlth   ++           (no ring)
HPRegen 0.24/turn    (no ring)
MPRegen 0.08/turn

%: no passive effects
@: beast-form
A: beast (slay +1), explore regen
a: Begin Untransformation


You were on level 3 of the Dungeon.
You were a hulking beast.
You visited 1 branch of the dungeon, and saw 3 of its levels.

You collected 127 gold pieces.
You spent 23 gold pieces at shops.

Inventory:

Missiles
 m - 2 poisoned darts (quivered)
 o - 2 darts of dispersal
 p - 3 boomerangs
Armour
 a - a +0 animal skin (worn)
 g - a +2 cloak (melded)
 j - a +1 ring mail of fire resistance
Talismans
 c - a beast talisman (active)
 d - a flux talisman
Scrolls
 k - 2 scrolls of torment
 n - a scroll of noise
Potions
 b - a potion of lignification
 e - 2 potions of curing {unknown}
 f - a potion of enlightenment {unknown}
 h - a potion of magic {unknown}
 i - 2 potions of haste {unknown}
 l - a potion of berserk rage {unknown}
 q - a potion of ambrosia {unknown}


   Skills:
 * Level 1.1 Fighting
 * Level 0.6 Armour
 * Level 2.3 Dodging
 * Level 1.0 Stealth
 * Level 3.3 Unarmed Combat
 * Level 3.4 Shapeshifting


You had 2 spell levels left.
You didn't know any spells.
Your spell library was empty.

Dungeon Overview and Level Annotations

Branches:
Dungeon (3/15)

Altars:
Kikubaaqudgha

Shops:
D:3 (


Innate Abilities, Weirdness & Mutations

You are a hulking beast.
Your limbs bulge with bestial killing power. (Slay +1)
You regain HP and MP as you explore.


Message History

A frilled lizard comes into view.
The frilled lizard hisses angrily.
Throw: 4 darts (poison)
Press: ? - help, Q - select action, (/) - cycle Shift-Dir - straight line, f - frilled lizard
Aim: a frilled lizard (35% to hit)
You throw a poisoned dart.
The poisoned dart barely misses the frilled lizard.
Throw: 3 darts (poison)
Press: ? - help, Q - select action, (/) - cycle Shift-Dir - straight line, f/p - frilled lizard
Aim: a frilled lizard (35% to hit)
You throw a poisoned dart.
The poisoned dart hits the frilled lizard.
The frilled lizard is poisoned.
You kill the frilled lizard!
An ogre comes into view. It is wielding a +0 giant club.
The ogre shouts!
Found 5 stones.
You hit the ogre.
The ogre is moderately wounded.
The ogre closely misses you.
You hit the ogre.
The ogre is moderately wounded.
You hit the ogre.
The ogre is moderately wounded.
The ogre barely misses you.
You barely miss the ogre.
The ogre is moderately wounded.
The ogre barely misses you.
You hit the ogre but do no damage.
The ogre is moderately wounded.
You hit the ogre.
The ogre is heavily wounded.
The ogre hits you with a +0 giant club.
You hit the ogre.
The ogre is heavily wounded.
You barely miss the ogre.
The ogre is heavily wounded.
The ogre hits you with a +0 giant club!!
Ouch! That really hurt!
You die...

### ## ##...#. #.
(#..... #.#...(.#
#.hO# .# ##.## # #.#
... #.###.##.# #.# #>.
#........# ##'## #..
#####.######...## #.#
#....# ##.....## #..
#..### ##.......###.#
##...####.........##.#
#.......'.........'...


You could see an ogre.

Vanquished Creatures
  An adder (D:3)
  A ribbon worm (D:3)
  A dart slug (D:3)
  2 bats (D:2)
  6 endoplasms
  A goblin (D:2)
  4 hobgoblins
  2 kobolds (D:1)
  2 quokkas (D:2)
  3 ball pythons
  3 frilled lizards
  3 rats
29 creatures vanquished.

Notes
Turn   | Place    | Note
-------+----------+-------------------------------------------
     0 | D:1      | ChrisAssaf the Human Shapeshifter began the quest for the
                  | Orb.
     0 | D:1      | Reached XP level 1. HP: 15/15 MP: 1/1
   126 | D:1      | Reached XP level 2. HP: 10/21 MP: 2/2
   132 | D:1      | HP: 1/21 [kobold/+0 short sword (4)]
   362 | D:2      | Found an ancient bone altar of Kikubaaqudgha.
   728 | D:2      | Reached skill level 1 in Stealth
   728 | D:2      | Reached XP level 3. HP: 18/26 MP: 3/3
   980 | D:3      | Found Raivoixe's Weapon Shop.
  1030 | D:3      | Bought 2 darts of dispersal for 23 gold pieces
  1175 | D:3      | Noticed an ogre
  1184 | D:3      | Mangled by an ogre

Illustrated notes

Levels and vault maps discovered:
D:1:      minmay_arrival_solitary_statue, layout_basic
D:2:      layout_basic, basic_altar
D:3:      wander_river, layout_loops_corners, serial_shops, shop, uniq_grinder

Skill      XL: |  1  2 |
---------------+-------+-----
Stealth        | 1 |  1.0
Fighting       | |  1.1
Armour         | |  0.6
Dodging        | |  2.3
Unarmed Combat | |  3.3
Shapeshifting  | |  3.4

Action                     || total
---------------------------++-------
  Melee: Unarmed           ||   102
  Throw: Dart              ||     5
    Use: Scroll            ||     2
 Armour: Animal skin       ||    42
         Skin              ||    11
  Dodge: Dodged            ||    75
   Form: Beast             ||     1
         Flux              ||     1
